[Event "GER-chT Youth Countries 2020"]
[Site "Berlin"]
[Date "2020.10.04"]
[Round "7"]
[White "Matthes, Aaron"]
[Black "Weishaeutel, Moritz"]
[Result "0-1"]
[ECO "A40"]
[WhiteElo "2198"]
[BlackElo "2222"]
[Annotator "ChessBase"]
[PlyCount "46"]
[EventDate "2020.09.30"]
[EventType "team-tourn"]
[EventRounds "7"]
[EventCountry "GER"]
[SourceTitle "playchess.com"]
[Source "ChessBase"]
[SourceQuality "1"]
[TimeControl "30/5400+30:0"]

1. d4 Nf6 2. c4 e6 3. g3 c5 4. Nf3 cxd4 5. Nxd4 d5 6. Bg2 e5 7. Nf3 d4 8. O-O Nc6 9. e3 Be7 10. exd4 exd4 11. Bf4 Be6 12. Nbd2 O-O 13. Ne5 Rc8 14. b3 Qb6 15. Ne4 Rcd8 16. Nxc6 bxc6 17. Bg5 d3 18. Nxf6+ Bxf6 19. Bxf6 gxf6 20. Qf3 Qd4 21. Qxc6 d2 22. Bf3 Bh3 23. Rfd1 Qxa1 0-1

[Event "GER-chT Youth Countries 2020"]
[Site "Berlin"]
[Date "2020.10.04"]
[Round "7"]
[White "Fromm, Marius"]
[Black "Jeschke, Jan"]
[Result "1/2-1/2"]
[ECO "C18"]
[WhiteElo "2190"]
[BlackElo "2043"]
[Annotator "ChessBase"]
[PlyCount "98"]
[EventDate "2020.09.30"]
[EventType "team-tourn"]
[EventRounds "7"]
[EventCountry "GER"]
[SourceTitle "playchess.com"]
[Source "ChessBase"]
[SourceQuality "1"]
[TimeControl "30/5400+30:0"]

1. e4 e6 2. d4 d5 3. Nc3 Bb4 4. e5 c5 5. a3 Bxc3+ 6. bxc3 Ne7 7. Qg4 Qc7 8. Qxg7 Rg8 9. Qxh7 cxd4 10. Qd3 dxc3 11. Ne2 Qxe5 12. Qxc3 Qxc3+ 13. Nxc3 e5 14. Rb1 Nbc6 15. h4 b6 16. Nb5 Kd7 17. h5 Bb7 18. f3 Rac8 19. a4 Nf5 20. Bd3 e4 21. fxe4 dxe4 22. Bxe4 Rce8 23. O-O Rxe4 24. Rxf5 Ne7 25. Rf2 Re1+ 26. Kh2 Nf5 27. Ra1 Rg4 28. Rd2+ Kc8 29. Ra3 Rh4+ 30. Rh3 Rxh3+ 31. Kxh3 Rxc1 32. Nxa7+ Kb8 33. Nb5 Bc8 34. Kg4 f6 35. Rd8 Ng7+ 36. Kf3 Nxh5 37. Rg8 Rf1+ 38. Ke2 Rf5 39. Rxc8+ Kxc8 40. Nd6+ Kd7 41. Nxf5 Nf4+ 42. Kf3 Nd5 43. Ng7 Ke7 44. Ke4 Nc3+ 45. Kf5 Nd5 46. Ke4 Nc3+ 47. Kd4 Nxa4 48. Kc4 Nb2+ 49. Kb5 Nd1 1/2-1/2

[Event "GER-chT Youth Countries 2020"]
[Site "Berlin"]
[Date "2020.10.04"]
[Round "7"]
[White "Lesny, Florian"]
[Black "Popvasilev, Kaloyan"]
[Result "1/2-1/2"]
[ECO "B67"]
[WhiteElo "2178"]
[BlackElo "2145"]
[Annotator "ChessBase"]
[PlyCount "172"]
[EventDate "2020.09.30"]
[EventType "team-tourn"]
[EventRounds "7"]
[EventCountry "GER"]
[SourceTitle "playchess.com"]
[Source "ChessBase"]
[SourceQuality "1"]
[TimeControl "30/5400+30:0"]

1. e4 c5 2. Nf3 d6 3. d4 Nf6 4. Nc3 cxd4 5. Nxd4 Nc6 6. Bg5 e6 7. Qd2 a6 8. O-O-O Bd7 9. f4 b5 10. Bxf6 gxf6 11. Kb1 Qb6 12. Nxc6 Bxc6 13. f5 h5 14. fxe6 fxe6 15. Bd3 b4 16. Ne2 Bh6 17. Qe1 Qc5 18. Rf1 Ke7 19. g3 a5 20. Nf4 Bxf4 21. gxf4 Rag8 22. e5 h4 23. exd6+ Kd7 24. f5 e5 25. Be4 Bb5 26. Rf2 Rg4 27. Bd5 Kxd6 28. Bf3+ Rd4 29. Rxd4+ exd4 30. Qe6+ Kc7 31. Rg2 Bc6 32. Rg7+ Kb6 33. Qxf6 Rf8 34. Qxc6+ Qxc6 35. Bxc6 Kxc6 36. Rg6+ Kd5 37. Ra6 Ke4 38. Rxa5 Rg8 39. a3 bxa3 40. Rxa3 Kxf5 41. Rh3 Rg4 42. b3 Ke5 43. Kb2 Kd5 44. Kc1 Kc5 45. Kd2 Rf4 46. Ke2 Kb4 47. Rd3 Ka3 48. Rd2 Kb4 49. Kd3 Kc5 50. Rg2 Rf3+ 51. Ke4 Re3+ 52. Kf4 Rc3 53. Rd2 Kd5 54. Re2 Kc5 55. Ke4 h3 56. b4+ Kxb4 57. Kxd4 Rc4+ 58. Ke3 Rc3+ 59. Kf4 Kc4 60. Rd2 Kc5 61. Kg4 Kc6 62. Rd3 Rxc2 63. Kxh3 Rc5 64. Kg4 Rc4+ 65. Kg3 Rc5 66. h4 Rd5 67. Re3 Kd7 68. Kg4 Rd4+ 69. Kg5 Rd5+ 70. Kg6 Rd6+ 71. Kf7 Rd5 72. Rh3 Rf5+ 73. Kg6 Rf1 74. Re3 Rg1+ 75. Kh6 Rg4 76. h5 Rg1 77. Kh7 Rg5 78. h6 Rg1 79. Re4 Rg2 80. Re1 Rg3 81. Kh8 Rg6 82. Kh7 Rg2 83. Ra1 Ke7 84. Ra7+ Kf8 85. Rg7 Rf2 86. Kh8 Rf6 1/2-1/2

[Event "GER-chT Youth Countries 2020"]
[Site "Berlin"]
[Date "2020.10.04"]
[Round "7"]
[White "Deuer, Marius"]
[Black "Sreyas Payyappat"]
[Result "1-0"]
[ECO "E10"]
[WhiteElo "2161"]
[BlackElo "2144"]
[Annotator "ChessBase"]
[PlyCount "68"]
[EventDate "2020.09.30"]
[EventType "team-tourn"]
[EventRounds "7"]
[EventCountry "GER"]
[SourceTitle "playchess.com"]
[Source "ChessBase"]
[SourceQuality "1"]
[TimeControl "30/5400+30:0"]

1. d4 Nf6 2. c4 e6 3. Nf3 d5 4. g3 c5 5. cxd5 exd5 6. Bg2 b6 7. Nc3 Bb7 8. Ne5 Bd6 9. Bg5 cxd4 10. Qxd4 O-O 11. O-O Bxe5 12. Qxe5 Nbd7 13. Qd4 h6 14. Bf4 Nc5 15. Be5 Ncd7 16. Bd6 Re8 17. e3 Re6 18. Ba3 Ne5 19. Rfd1 Qe8 20. b3 Rd8 21. Ne2 Nc6 22. Qb2 g5 23. Nd4 Ne4 24. Nxe6 Qxe6 25. Qc2 Rc8 26. Rac1 Ne5 27. Qb2 Rxc1 28. Qxc1 Ng4 29. f3 Nef2 30. fxg4 Nxd1 31. Qxd1 Qxe3+ 32. Kh1 Qf2 33. h3 Qxg3 34. Qd2 Kg7 1-0

[Event "GER-chT Youth Countries 2020"]
[Site "Berlin"]
[Date "2020.10.04"]
[Round "7"]
[White "Hinrichs, Paul"]
[Black "Schmider, Niklas"]
[Result "0-1"]
[ECO "A49"]
[WhiteElo "2152"]
[BlackElo "2291"]
[Annotator "ChessBase"]
[PlyCount "54"]
[EventDate "2020.09.30"]
[EventType "team-tourn"]
[EventRounds "7"]
[EventCountry "GER"]
[SourceTitle "playchess.com"]
[Source "ChessBase"]
[SourceQuality "1"]
[TimeControl "30/5400+30:0"]

1. d4 Nf6 2. Nf3 g6 3. g3 d5 4. Bg2 Bg7 5. c4 e6 6. b3 O-O 7. Nbd2 Nc6 8. Bb2 b6 9. O-O Bb7 10. Rc1 a5 11. a3 Ne7 12. Qc2 Rc8 13. c5 Ba6 14. Rfe1 Nd7 15. b4 axb4 16. axb4 Bb5 17. Nb1 Ra8 18. Nc3 Bc4 19. Nd2 b5 20. e4 Nc6 21. Nxc4 Nxd4 22. Qd1 dxc4 23. e5 Nxe5 24. Nxb5 Nd3 25. Bxd4 Bxd4 26. Nxd4 Qxd4 27. Rc2 Ra4 0-1

[Event "GER-chT Youth Countries 2020"]
[Site "Berlin"]
[Date "2020.10.04"]
[Round "7"]
[White "Tiarks, Jann-Christian"]
[Black "Nguyen, Huy Dat"]
[Result "1/2-1/2"]
[ECO "B31"]
[WhiteElo "2151"]
[BlackElo "2166"]
[Annotator "ChessBase"]
[PlyCount "58"]
[EventDate "2020.09.30"]
[EventType "team-tourn"]
[EventRounds "7"]
[EventCountry "GER"]
[SourceTitle "playchess.com"]
[Source "ChessBase"]
[SourceQuality "1"]
[TimeControl "30/5400+30:0"]

1. e4 c5 2. Nf3 Nc6 3. Bb5 g6 4. Bxc6 dxc6 5. h3 Bg7 6. O-O e5 7. d3 Qe7 8. Be3 Nf6 9. Nbd2 O-O 10. a3 Rd8 11. Qb1 Nh5 12. b4 cxb4 13. axb4 Nf4 14. Rxa7 Rxa7 15. Bxa7 Bh6 16. Be3 Ne2+ 17. Kh2 Bf4+ 18. Bxf4 Nxf4 19. Qb2 f6 20. Ng1 Qf8 21. Re1 Qh6 22. Re3 g5 23. Nf1 g4 24. Qa2+ Kh8 25. Qf7 Rg8 26. Rg3 Nh5 27. Re3 Qf4+ 28. Ng3 Nxg3 29. fxg3 Qxe3 1/2-1/2

[Event "GER-chT Youth Countries 2020"]
[Site "Berlin"]
[Date "2020.10.04"]
[Round "7"]
[White "Khachatryan, Taron"]
[Black "Haack, Kevin"]
[Result "1/2-1/2"]
[ECO "B22"]
[WhiteElo "2136"]
[BlackElo "2209"]
[Annotator "ChessBase"]
[PlyCount "70"]
[EventDate "2020.09.30"]
[EventType "team-tourn"]
[EventRounds "7"]
[EventCountry "GER"]
[SourceTitle "playchess.com"]
[Source "ChessBase"]
[SourceQuality "1"]
[TimeControl "30/5400+30:0"]

1. e4 c5 2. c3 Nf6 3. e5 Nd5 4. d4 cxd4 5. Nf3 d6 6. cxd4 Nc6 7. Bc4 e6 8. O-O Be7 9. Qe2 dxe5 10. dxe5 Qc7 11. Rd1 Nb6 12. Bb3 O-O 13. Nc3 a6 14. Bf4 Nd7 15. Rac1 Nc5 16. Bc2 Rd8 17. Rxd8+ Qxd8 18. Ne4 Nxe4 19. Qxe4 g6 20. a3 Qc7 21. Ba4 Bd7 22. Nd4 Rc8 23. Nxc6 Bxc6 24. Bxc6 bxc6 25. b4 Rd8 26. h3 Rd5 27. Qc4 g5 28. Be3 a5 29. Qxc6 Rd1+ 30. Kh2 Rxc1 31. Qxc1 Qxe5+ 32. f4 Qf5 33. fxg5 axb4 34. axb4 Bxb4 35. Qc8+ Bf8 1/2-1/2

[Event "GER-chT Youth Countries 2020"]
[Site "Berlin"]
[Date "2020.10.04"]
[Round "7"]
[White "Bakiev, Diyor"]
[Black "Farokhi, Keyvan"]
[Result "1/2-1/2"]
[ECO "B13"]
[WhiteElo "2070"]
[BlackElo "2001"]
[Annotator "ChessBase"]
[PlyCount "68"]
[EventDate "2020.09.30"]
[EventType "team-tourn"]
[EventRounds "7"]
[EventCountry "GER"]
[SourceTitle "playchess.com"]
[Source "ChessBase"]
[SourceQuality "1"]
[TimeControl "30/5400+30:0"]

1. e4 c6 2. d4 d5 3. exd5 cxd5 4. c4 Nf6 5. Nc3 Nc6 6. Bg5 dxc4 7. d5 Ne5 8. Qd4 h6 9. Bf4 Ng6 10. Bxc4 Nxf4 11. Qxf4 g5 12. Qd2 Bg7 13. Nf3 O-O 14. O-O a6 15. a4 Qc7 16. Ba2 Rd8 17. Qe2 Bg4 18. Rfe1 Rd7 19. h3 Bxf3 20. Qxf3 Qf4 21. Qxf4 gxf4 22. a5 Rc7 23. Na4 Rd8 24. Rad1 Kf8 25. Bb3 Ne8 26. Re4 e5 27. dxe6 Rxd1+ 28. Bxd1 Nd6 29. e7+ Rxe7 30. Rxe7 Kxe7 31. Bf3 Kd8 32. Bd5 Bd4 33. Kf1 f6 34. Ke2 Kc7 1/2-1/2

[Event "GER-chT Youth Countries 2020"]
[Site "Berlin"]
[Date "2020.10.04"]
[Round "7"]
[White "Muedder, Melanie"]
[Black "Pikalow, Michael"]
[Result "1-0"]
[ECO "B90"]
[WhiteElo "2039"]
[BlackElo "2021"]
[Annotator "ChessBase"]
[PlyCount "49"]
[EventDate "2020.09.30"]
[EventType "team-tourn"]
[EventRounds "7"]
[EventCountry "GER"]
[SourceTitle "playchess.com"]
[Source "ChessBase"]
[SourceQuality "1"]
[TimeControl "30/5400+30:0"]

1. e4 c5 2. Nf3 d6 3. d4 cxd4 4. Nxd4 Nf6 5. Nc3 a6 6. Qf3 g6 7. h3 Bg7 8. Be3 O-O 9. g4 Nc6 10. O-O-O Bd7 11. Qg2 Nxd4 12. Bxd4 Bb5 13. f4 Nd7 14. Bxg7 Kxg7 15. Qd2 Bxf1 16. Rhxf1 Nc5 17. h4 Qd7 18. Qd4+ Kg8 19. Qxc5 Rac8 20. Qe3 Qxg4 21. f5 Rc4 22. h5 Rfc8 23. hxg6 hxg6 24. Rg1 Qh5 25. Rh1 1-0

[Event "GER-chT Youth Countries 2020"]
[Site "Berlin"]
[Date "2020.10.04"]
[Round "7"]
[White "Wu, Luka"]
[Black "Musiolik, David"]
[Result "0-1"]
[ECO "C95"]
[WhiteElo "2019"]
[BlackElo "2198"]
[Annotator "ChessBase"]
[PlyCount "162"]
[EventDate "2020.09.30"]
[EventType "team-tourn"]
[EventRounds "7"]
[EventCountry "GER"]
[SourceTitle "playchess.com"]
[Source "ChessBase"]
[SourceQuality "1"]
[TimeControl "30/5400+30:0"]

1. e4 e5 2. Nf3 Nc6 3. Bb5 a6 4. Ba4 Nf6 5. O-O Be7 6. Re1 b5 7. Bb3 d6 8. c3 O-O 9. h3 Nb8 10. d4 Nbd7 11. Nbd2 Bb7 12. Bc2 Re8 13. Nf1 Bf8 14. Ng3 g6 15. a4 c5 16. d5 c4 17. Bg5 Nc5 18. Qd2 Be7 19. Ra3 Nfd7 20. Be3 Qc7 21. Rea1 Nb6 22. axb5 axb5 23. Qc1 Rxa3 24. Rxa3 Ra8 25. Qa1 Rxa3 26. Qxa3 Nbd7 27. Nd2 Bd8 28. Ne2 Qa5 29. Qxa5 Bxa5 30. b4 cxb3 31. Nxb3 Nxb3 32. Bxb3 Nc5 33. Bxc5 dxc5 34. g3 g5 35. c4 Ba6 36. f4 bxc4 37. Bc2 f6 38. fxe5 fxe5 39. Kf2 Kf7 40. g4 Bd2 41. Kf3 Kf6 42. Kf2 Kg6 43. Ng3 Bc3 44. Nf5 Bd4+ 45. Kf3 c3 46. Ng3 Kf6 47. Nh5+ Kf7 48. Ng3 Kg6 49. Ne2 Bc4 50. Ng3 Bb5 51. Ne2 h5 52. Ng3 h4 53. Ne2 Kf6 54. Nc1 Bf1 55. Bd3 Bxh3 56. Nb3 c2 57. Bxc2 Bf1 58. Nd2 Bb5 59. Bb3 Bd7 60. Bc4 Ke7 61. Be2 Ba4 62. Kg2 Kd8 63. Nf3 Be3 64. Nxe5 Bc2 65. Bf3 Bf4 66. Nc6+ Kc7 67. e5 Ba4 68. d6+ Kd7 69. Nb8+ Ke6 70. Nc6 Bxc6 71. Bxc6 Bxe5 72. d7 Bc7 73. Ba4 Ke5 74. Bb3 Kd4 75. Kf2 c4 76. Ba4 Kc3 77. Bb5 Kb3 78. Ke2 c3 79. Bd3 Kb2 80. Kd1 h3 81. Be4 h2 0-1

[Event "GER-chT Youth Countries 2020"]
[Site "Berlin"]
[Date "2020.10.04"]
[Round "7"]
[White "Bardorz, Jana"]
[Black "Zhou, Lepu Coco"]
[Result "1/2-1/2"]
[ECO "C55"]
[WhiteElo "1960"]
[BlackElo "1872"]
[Annotator "ChessBase"]
[PlyCount "98"]
[EventDate "2020.09.30"]
[EventType "team-tourn"]
[EventRounds "7"]
[EventCountry "GER"]
[SourceTitle "playchess.com"]
[Source "ChessBase"]
[SourceQuality "1"]
[TimeControl "30/5400+30:0"]

1. e4 e5 2. Nf3 Nc6 3. Bc4 Nf6 4. d3 Be7 5. O-O O-O 6. Re1 d6 7. a4 h6 8. Nbd2 Be6 9. a5 a6 10. h3 Nd7 11. Nf1 Bxc4 12. dxc4 f5 13. exf5 Rxf5 14. Ng3 Rf7 15. Ra3 Nf6 16. Rd3 Qc8 17. Bd2 Qe6 18. Nd4 Nxd4 19. Rxd4 c5 20. Rd3 Qxc4 21. Nf5 Qe6 22. Nxe7+ Rxe7 23. Bc3 Rd7 24. f4 c4 25. Rd2 e4 26. Bxf6 gxf6 27. Rd5 f5 28. Re3 Qg6 29. Qd4 Rc8 30. g4 fxg4 31. Rg3 Kh7 32. Rxg4 Qe6 33. f5 Qf7 34. Rxd6 Rxd6 35. Qxd6 Rg8 36. Qf4 Rxg4+ 37. hxg4 Qd5 38. Kf2 Qxa5 39. Qxe4 Qb6+ 40. Kf3 Qf6 41. Qxb7+ Kg8 42. Qd5+ Kg7 43. c3 Qh4 44. Qe5+ Kf8 45. f6 Qh1+ 46. Kf4 Qf1+ 47. Ke4 Qd3+ 48. Kf4 Qf1+ 49. Ke3 Qg1+ 1/2-1/2

[Event "GER-chT Youth Countries 2020"]
[Site "Berlin"]
[Date "2020.10.04"]
[Round "7"]
[White "Schubert, Nikita"]
[Black "Zackrisson, Peter"]
[Result "1/2-1/2"]
[ECO "A61"]
[WhiteElo "1946"]
[BlackElo "1947"]
[Annotator "ChessBase"]
[PlyCount "93"]
[EventDate "2020.09.30"]
[EventType "team-tourn"]
[EventRounds "7"]
[EventCountry "GER"]
[SourceTitle "playchess.com"]
[Source "ChessBase"]
[SourceQuality "1"]
[TimeControl "30/5400+30:0"]

1. d4 Nf6 2. c4 c5 3. d5 e6 4. Nf3 exd5 5. cxd5 d6 6. Nc3 g6 7. Bf4 Bg7 8. Qa4+ Bd7 9. Qb3 Qc7 10. e4 O-O 11. Nd2 Nh5 12. Be3 f5 13. exf5 Bxf5 14. Be2 Nf6 15. O-O a6 16. a4 Nbd7 17. Nc4 Ng4 18. Bf4 Nge5 19. Ne3 Bd3 20. Bg3 Rae8 21. Bxd3 Nxd3 22. Nc4 N7e5 23. Nxe5 Bxe5 24. Qc2 c4 25. Rab1 Bxc3 26. Qxc3 b5 27. axb5 axb5 28. b3 Qc5 29. bxc4 bxc4 30. Rb7 Rf7 31. Rxf7 Kxf7 32. Ra1 Nb4 33. Rb1 Nxd5 34. Qf3+ Kg8 35. h3 Qc6 36. Rd1 c3 37. Qxd5+ Qxd5 38. Rxd5 c2 39. Bf4 Re1+ 40. Kh2 Rd1 41. Ra5 c1=Q 42. Bxc1 Rxc1 43. Ra7 Re1 44. Kg3 Re6 45. h4 Rf6 46. Rd7 h5 47. f3 1/2-1/2

[Event "GER-chT Youth Countries 2020"]
[Site "Berlin"]
[Date "2020.10.04"]
[Round "7"]
[White "Chassard, Cedric"]
[Black "Lange, Jannis"]
[Result "1/2-1/2"]
[ECO "B31"]
[WhiteElo "1916"]
[BlackElo "2126"]
[Annotator "ChessBase"]
[PlyCount "87"]
[EventDate "2020.09.30"]
[EventType "team-tourn"]
[EventRounds "7"]
[EventCountry "GER"]
[SourceTitle "playchess.com"]
[Source "ChessBase"]
[SourceQuality "1"]
[TimeControl "30/5400+30:0"]

1. e4 c5 2. Nf3 Nc6 3. Bb5 g6 4. Bxc6 dxc6 5. d3 Bg7 6. h3 Nf6 7. Nc3 Nd7 8. Be3 e5 9. Qd2 h6 10. O-O b6 11. Nh2 Nf8 12. f4 exf4 13. Bxf4 Ne6 14. Bg3 Nd4 15. Nf3 Be6 16. Rae1 Nxf3+ 17. Rxf3 Bd4+ 18. Kh1 Qg5 19. Bf4 Qh5 20. Be3 Be5 21. Bf4 Bd4 22. Be3 g5 23. Rg3 Be5 24. Ne2 O-O-O 25. Rf3 g4 26. Nf4 Bxf4 27. Rxf4 gxh3 28. g3 Qe5 29. Qc3 Qxc3 30. bxc3 h5 31. Kh2 Rdg8 32. Rg1 Kb7 33. a4 c4 34. a5 b5 35. Bd4 Rh7 36. Bc5 Rd8 37. d4 a6 38. Rgf1 Rd7 39. Re1 Rg7 40. Rg1 Rg5 41. Ba3 Rg6 42. Bb4 Rg8 43. Bc5 Re8 44. Bb4 1/2-1/2

[Event "GER-chT Youth Countries 2020"]
[Site "Berlin"]
[Date "2020.10.04"]
[Round "7"]
[White "Dietz, Kristin"]
[Black "Bashylina, Luisa"]
[Result "0-1"]
[ECO "B42"]
[WhiteElo "1913"]
[BlackElo "2005"]
[Annotator "ChessBase"]
[PlyCount "94"]
[EventDate "2020.09.30"]
[EventType "team-tourn"]
[EventRounds "7"]
[EventCountry "GER"]
[SourceTitle "playchess.com"]
[Source "ChessBase"]
[SourceQuality "1"]
[TimeControl "30/5400+30:0"]

1. e4 c5 2. Nf3 e6 3. d4 cxd4 4. Nxd4 a6 5. Bd3 Qc7 6. Nc3 Nc6 7. Nb3 g6 8. f4 Bg7 9. Bd2 Nge7 10. Qf3 d6 11. g4 Bd7 12. O-O-O Nb4 13. Kb1 O-O-O 14. Rhe1 Bc6 15. Qf2 f5 16. Na4 Bxa4 17. Bxb4 Nc6 18. Bd2 fxg4 19. Be3 Qf7 20. Qe2 Nb4 21. Qxg4 Nxd3 22. Rxd3 Kb8 23. Bb6 Rd7 24. Red1 Bxb3 25. axb3 Bh6 26. Rxd6 Rxd6 27. Rxd6 Bxf4 28. Rxe6 Bxh2 29. Qh3 Bf4 30. Qc3 Rf8 31. Qc5 Re8 32. Rxe8+ Qxe8 33. Qc3 g5 34. Qg7 h5 35. Qh6 h4 36. e5 Bxe5 37. Qxg5 h3 38. c3 h2 39. Qg2 Qh8 40. Qh1 Qh6 41. Bd4 Bxd4 42. cxd4 Qg6+ 43. Ka2 Qg1 44. Qf3 h1=Q 45. Qf8+ Ka7 46. Qc5+ b6 47. Qc7+ Qb7 0-1

[Event "GER-chT Youth Countries 2020"]
[Site "Berlin"]
[Date "2020.10.04"]
[Round "7"]
[White "Kempe, Caius Emilian"]
[Black "Koenig, Emmilie"]
[Result "1-0"]
[ECO "E83"]
[WhiteElo "1910"]
[BlackElo "1518"]
[Annotator "ChessBase"]
[PlyCount "43"]
[EventDate "2020.09.30"]
[EventType "team-tourn"]
[EventRounds "7"]
[EventCountry "GER"]
[SourceTitle "playchess.com"]
[Source "ChessBase"]
[SourceQuality "1"]
[TimeControl "30/5400+30:0"]

1. d4 Nf6 2. c4 d6 3. Nc3 g6 4. e4 Bg7 5. f3 Nc6 6. Be3 O-O 7. Nge2 e5 8. d5 Ne7 9. Qd2 Re8 10. g4 Kh8 11. h4 h5 12. O-O-O Neg8 13. Ng3 Bxg4 14. fxg4 Nxg4 15. Kb1 Nxe3 16. Qxe3 Nf6 17. Be2 Kh7 18. Rdf1 Qd7 19. Rhg1 Rh8 20. Qg5 Kg8 21. Nf5 Nh7 22. Ne7+ 1-0

[Event "GER-chT Youth Countries 2020"]
[Site "Berlin"]
[Date "2020.10.04"]
[Round "7"]
[White "Weidenhoefer, Max"]
[Black "Burian, Simon"]
[Result "0-1"]
[ECO "B90"]
[WhiteElo "1897"]
[BlackElo "2113"]
[Annotator "ChessBase"]
[PlyCount "64"]
[EventDate "2020.09.30"]
[EventType "team-tourn"]
[EventRounds "7"]
[EventCountry "GER"]
[SourceTitle "playchess.com"]
[Source "ChessBase"]
[SourceQuality "1"]
[TimeControl "30/5400+30:0"]

1. e4 c5 2. Nf3 d6 3. d4 cxd4 4. Nxd4 Nf6 5. Nc3 a6 6. Be3 e5 7. Nb3 Be7 8. f3 Be6 9. Qd2 O-O 10. g4 d5 11. g5 Nxe4 12. fxe4 d4 13. h4 dxe3 14. Qxe3 Nc6 15. Nd5 Bxd5 16. O-O-O Nb4 17. exd5 Qc7 18. Qd2 Rfd8 19. Bg2 a5 20. Kb1 a4 21. Nc1 a3 22. b3 Rac8 23. c4 b5 24. Bf1 bxc4 25. bxc4 Rb8 26. Ka1 Na6 27. Nb3 Nc5 28. Rb1 Na4 29. Rh3 Bb4 30. Qc1 e4 31. Nd4 Qe5 32. Qd1 Bc5 0-1

[Event "GER-chT Youth Countries 2020"]
[Site "Berlin"]
[Date "2020.10.04"]
[Round "7"]
[White "Halabi, Ibrahim"]
[Black "Hecht, Jonas Christian"]
[Result "1/2-1/2"]
[ECO "C54"]
[WhiteElo "1895"]
[BlackElo "1764"]
[Annotator "NA"]
[PlyCount "92"]
[EventDate "2020.09.30"]
[EventType "team-tourn"]
[EventRounds "7"]
[EventCountry "GER"]
[SourceTitle "playchess.com"]
[Source "ChessBase"]
[SourceQuality "1"]
[TimeControl "30/5400+30:0"]

1. e4 e5 2. Nf3 Nc6 3. Bc4 Bc5 4. c3 Nf6 5. d3 O-O 6. Nbd2 d5 7. exd5 Nxd5 8. O-O Nb6 9. Qe2 Bd6 10. Bb3 Bg4 11. Ne4 Kh8 12. Ng3 Qf6 13. Bd1 Qe7 14. h3 Be6 15. Ne4 f5 16. Nxd6 cxd6 17. Bc2 h6 18. Be3 g5 19. Bxb6 axb6 20. a3 Qf6 21. Nh2 Ne7 22. Qf3 Nd5 23. Bb3 Qf7 24. Bxd5 Bxd5 25. Qe3 b5 26. f3 Rae8 27. a4 Bc6 28. axb5 Bxb5 29. c4 Bc6 30. b4 Qc7 31. b5 Bd7 32. Ra7 f4 33. Qf2 Bf5 34. Rd1 Ra8 35. Kh1 Rfb8 36. Qa2 Rxa7 37. Qxa7 Rc8 38. Ng4 Kg7 39. Nf2 Qc5 40. Qxb7+ Rc7 41. Qb8 Rc8 42. Qb7+ Rc7 43. Qd5 Qxf2 44. Qxd6 Qc5 45. Qxc5 Rxc5 46. b6 Rc8 1/2-1/2

[Event "GER-chT Youth Countries 2020"]
[Site "Berlin"]
[Date "2020.10.04"]
[Round "7"]
[White "Simon, Tessa"]
[Black "Viet, Silas"]
[Result "1/2-1/2"]
[ECO "B56"]
[WhiteElo "1860"]
[BlackElo "1846"]
[Annotator "NA"]
[PlyCount "110"]
[EventDate "2020.09.30"]
[EventType "team-tourn"]
[EventRounds "7"]
[EventCountry "GER"]
[SourceTitle "playchess.com"]
[Source "ChessBase"]
[SourceQuality "1"]
[TimeControl "30/5400+30:0"]

1. e4 c5 2. Nf3 d6 3. d4 cxd4 4. Nxd4 Nf6 5. Nc3 Nc6 6. f3 e5 7. Nb3 Be7 8. Be3 O-O 9. Qd2 a5 10. Bb5 Be6 11. O-O-O Qb8 12. g4 Nb4 13. a3 Rc8 14. Kb1 d5 15. g5 Nxe4 16. fxe4 d4 17. Nxd4 exd4 18. Bxd4 Nc6 19. Bb6 Qe5 20. h4 Bf8 21. Rdg1 g6 22. h5 Bg7 23. hxg6 hxg6 24. Bd3 Nd4 25. Rf1 Rc6 26. Bxd4 Qxd4 27. Nd1 b5 28. c3 Qe5 29. Qh2 b4 30. Qxe5 Bxe5 31. cxb4 axb4 32. Bb5 Rc5 33. a4 Bd4 34. Nf2 Rxg5 35. Nd3 Bb3 36. Nxb4 Bxa4 37. Bxa4 Rxa4 38. Nc2 Bg7 39. Rh4 Rga5 40. Rhf4 Ra7 41. R1f3 Be5 42. Rg4 Rb7 43. b3 Kg7 44. Kc1 Ra2 45. Rg2 Rc7 46. Kd1 Kf8 47. Rd3 Ke7 48. Ne3 Rxg2 49. Nxg2 Rd7 50. Ke2 Rxd3 51. Kxd3 Kd6 52. Ne3 Kc5 53. Nc2 g5 54. Ke3 g4 55. Ne1 Bc7 1/2-1/2

[Event "GER-chT Youth Countries 2020"]
[Site "Berlin"]
[Date "2020.10.04"]
[Round "7"]
[White "Brunner, Sophia"]
[Black "Moldovan, Tatiana"]
[Result "1-0"]
[ECO "A36"]
[WhiteElo "1850"]
[BlackElo "1480"]
[Annotator "NA"]
[PlyCount "111"]
[EventDate "2020.09.30"]
[EventType "team-tourn"]
[EventRounds "7"]
[EventCountry "GER"]
[SourceTitle "playchess.com"]
[Source "ChessBase"]
[SourceQuality "1"]
[TimeControl "30/5400+30:0"]

1. c4 c5 2. Nc3 Nc6 3. g3 g6 4. Bg2 Bg7 5. e4 e6 6. Nge2 Nge7 7. d3 b6 8. O-O O-O 9. Be3 Bb7 10. f4 d6 11. a3 Nd4 12. Bf2 Nec6 13. Nxd4 Nxd4 14. Ne2 Nc6 15. Rb1 a5 16. Qd2 Qd7 17. Be3 f5 18. h3 Ba6 19. Rbc1 Rab8 20. exf5 exf5 21. d4 cxd4 22. Nxd4 Bb7 23. Bd5+ Kh8 24. Ne6 Rfe8 25. Nxg7 Kxg7 26. Qc3+ Kh6 27. g4 fxg4 28. f5+ Rxe3 29. Qxe3+ g5 30. h4 Qe7 31. hxg5+ Qxg5 32. Qe6+ Kh5 33. Qf7+ Kh6 34. Rc2 Qe3+ 35. Kh1 g3 36. Qf6+ Kh5 37. Bf3+ Qxf3+ 38. Rxf3 Ne5 39. Kg2 Rg8 40. Rcc3 Rg4 41. Qxd6 Bxf3+ 42. Rxf3 Nxf3 43. Kxf3 g2 44. Qh2+ Kg5 45. Qg1 Kxf5 46. c5 Rf4+ 47. Ke3 Kg4 48. Qxg2+ Kf5 49. Qd5+ Kg6 50. Kxf4 bxc5 51. Qxc5 h5 52. Qg5+ Kf7 53. Kf5 h4 54. Qf6+ Ke8 55. Ke6 h3 56. Qe7# 1-0

[Event "GER-chT Youth Countries 2020"]
[Site "Berlin"]
[Date "2020.10.04"]
[Round "7"]
[White "Grossmann, Piet"]
[Black "Zimmer, Luca"]
[Result "0-1"]
[ECO "C18"]
[WhiteElo "1849"]
[BlackElo "1690"]
[Annotator "NA"]
[PlyCount "44"]
[EventDate "2020.09.30"]
[EventType "team-tourn"]
[EventRounds "7"]
[EventCountry "GER"]
[SourceTitle "playchess.com"]
[Source "ChessBase"]
[SourceQuality "1"]
[TimeControl "30/5400+30:0"]

1. e4 e6 2. d4 d5 3. Nc3 Bb4 4. e5 c5 5. a3 Bxc3+ 6. bxc3 Ne7 7. Qg4 Qc7 8. Qxg7 Rg8 9. Qxh7 cxd4 10. Ne2 dxc3 11. f4 Nbc6 12. Qd3 d4 13. Nxd4 Nxd4 14. Qxd4 Nf5 15. Qf2 Bd7 16. Be2 Rd8 17. Bf3 Bc6 18. Rb1 Bxf3 19. gxf3 Qd7 20. Be3 Nxe3 21. Qxe3 Qd2+ 22. Qxd2 Rxd2 0-1